 Dungeon Crawl Stone Soup version 0.16.1-51-g6203257 (webtiles) character file.

249 ImaNewbie the Chopper (level 6, -4/47 HPs)
             Began as a Formicid Fighter on July 24, 2015.
             Slain by Gargoyl's ghost (10 damage)
             ... on level 4 of the Dungeon on July 25, 2015.
             The game lasted 00:09:11 (3484 turns).

ImaNewbie the Chopper (Formicid Fighter)            Turns: 3484, Time: 00:09:11

Health: -4/47      AC:  6    Str: 20    XL:     6   Next: 35%
Magic:  8/8        EV:  7    Int:  8    God:
Gold:   211        SH:  9    Dex: 12    Spells: 0 memorised, 5 levels left

rFire  . . .     SeeInvis +     a - +0 war axe
rCold  . . .     Clarity  .     b - +0 scale mail
rNeg   . . .     SustAb   .     c - +0 shield
rPois  .         Gourm    .     (helmet unavailable)
rElec  .         Spirit   .     (no cloak)
rCorr  .         Warding  .     (no gloves)
rMut   .         Stasis   +     (no boots)
MR     .....                    (no amulet)
Stlth  ..........               (no ring)
                                (no ring)

@: not resistant to hostile enchantments, extremely unstealthy
A: permanent stasis, dig shafts and tunnels, four strong arms, antennae 3
a: Dig, Shaft Self


You were on level 4 of the Dungeon.
You were hungry.

You visited 1 branch of the dungeon, and saw 4 of its levels.

You collected 211 gold pieces.

Inventory:

Hand weapons
 a - a +0 war axe (weapon)
Armour
 b - a +0 scale mail (worn)
 c - a +0 shield (worn)
Jewellery
 n - an uncursed ring of fire
Magical devices
 s - a wand of flame (11)
Scrolls
 e - a scroll of recharging {unknown}
 h - a scroll of fear {unknown}
 k - 3 scrolls of identify {unknown}
 o - a scroll of fog {unknown}
 q - a scroll of enchant weapon {unknown}
 r - a scroll of amnesia
 t - a scroll of remove curse
Potions
 f - a potion of curing {unknown}
 g - a potion of restore abilities {unknown}
 j - a potion of mutation {unknown}
 m - a potion of poison {unknown}
 p - a potion of agility {unknown}
Books
 u - a book of Changes

   Spells                             Type                      Level
   a - Beastly Appendage              Transmutation                1
   b - Sticks to Snakes               Transmutation                2
   c - Spider Form                    Transmutation/Poison         3
   d - Ice Form                       Ice/Transmutation            4
   e - Blade Hands                    Transmutation                5
Comestibles
 d - 3 bread rations
 l - 3 beef jerkies


   Skills:
 - Level 3.2 Fighting
 + Level 6.2 Axes
 - Level 3.2 Armour
 - Level 3.6 Shields


You had 5 spell levels left.
You didn't know any spells.

Dungeon Overview and Level Annotations

Branches:
Dungeon (4/15)
 Temple: D:4-7

Altars:
Cheibriados
Sif Muna
Trog
Vehumet

Annotations:
D:4 Gargoyl's ghost, average GrBe


Innate Abilities, Weirdness & Mutations

You are under a permanent stasis effect.
You can dig through walls and to a lower floor.
Your four strong arms can wield two-handed weapons with a shield.
You have a pair of large antennae on your head (SInv).


Message History

Gargoyl's ghost freezes you.
* * * LOW HITPOINT WARNING * * *
Drink which item? (? for menu, Esc to quit)
You feel much better. Gargoyl's ghost hits you! Gargoyl's ghost freezes you.
You hit Gargoyl's ghost but do no damage.
Gargoyl's ghost is severely damaged.
You block Gargoyl's ghost's attack. Gargoyl's ghost hits you.
Gargoyl's ghost freezes you.
You hit Gargoyl's ghost but do no damage.
Gargoyl's ghost is severely damaged.
Gargoyl's ghost hits you!
* * * LOW HITPOINT WARNING * * *
Gargoyl's ghost freezes you.
* * * LOW HITPOINT WARNING * * *
You hit Gargoyl's ghost but do no damage.
Gargoyl's ghost is severely damaged.
You are feeling hungry.
Gargoyl's ghost stares at you. Gargoyl's ghost hits you!
You die...

#############........#
#.............######.#
###.################ #.#
...................# #.#
###.##############.###'#######
#.# ...#)..........# #.#
####.#...........# #.#
#....'...........# #.#
##.#@#...........# #.#######
#W#.########### ###.......#
#.#.# ....#####.# #.#.# ....#
#.#.# ....# #.#.# ....+ {
#.#.# ....### #.#.# ........
...


You could see Gargoyl's ghost.

Vanquished Creatures
  An orc priest (D:4)
  A worker ant (D:3)
  An orc wizard (D:4)
  A hound skeleton (D:4)
  6 adders
  A giant mite (D:3)
  4 worms
  3 giant geckos
  6 orcs
  6 bats
  6 goblins
  9 hobgoblins
  3 jackals
  2 ball pythons
  4 giant cockroaches
  2 giant newts
  8 kobolds
  2 quokkas (D:3)
  8 rats
74 creatures vanquished.

Notes
Turn   | Place    | Note
--------------------------------------------------------------
     0 | D:1      | ImaNewbie, the Formicid Fighter, began the quest for the Orb.
     0 | D:1      | Reached XP level 1. HP: 18/18 MP: 1/1
   331 | D:1      | Reached XP level 2. HP: 18/24 MP: 3/3
   910 | D:1      | Reached XP level 3. HP: 29/29 MP: 4/4
  1249 | D:1      | Reached skill level 4 in Axes
  1249 | D:1      | Reached XP level 4. HP: 25/35 MP: 5/5
  1798 | D:2      | Found a deep blue altar of Sif Muna.
  2068 | D:3      | Reached XP level 5. HP: 41/41 MP: 7/7
  2236 | D:3      | Found a bloodstained altar of Trog.
  2255 | D:3      | Found a radiant altar of Vehumet.
  2737 | D:3      | Found a snail-covered altar of Cheibriados.
  2772 | D:3      | Reached skill level 5 in Axes
  3302 | D:4      | Reached XP level 6. HP: 28/47 MP: 8/8
  3445 | D:4      | Reached skill level 6 in Axes
  3451 | D:4      | Noticed Gargoyl's ghost (average GrBe)
  3484 | D:4      | Slain by Gargoyl's ghost

Action                   |  1- 3 |  4- 6 || total
-------------------------+-------+-------++-------
Melee: War axe           |    85 |   149 ||   234
  Use: Scroll            |     2 |       ||     2
       Potion            |       |     3 ||     3
  Eat: Chunk             |     1 |     7 ||     8
